 Dungeon Crawl Stone Soup version 0.27.1-33-g824d729ab1 (webtiles) character file.

Game seed: 16091968046385696387

1736 LLlMATKO the Cudgeller (level 8, -1/74 HPs)
             Began as a Minotaur Berserker on Dec 30, 2021.
             Was an Elder of Trog.
             Succumbed to a gnoll sergeant's poison
             ... on level 8 of the Dungeon.
             The game lasted 00:06:15 (5509 turns).

LLlMATKO the Cudgeller (Minotaur Berserker)         Turns: 5509, Time: 00:06:15

Health: -1/74      AC:  7    Str: 22    XL:     8   Next: 76%
Magic:  7/7        EV: 11    Int:  8    God:    Trog [****..]
Gold:   153        SH:  0    Dex:  6    Spells: 7/7 levels left

rFire    . . .     SeeInvis .   n - +8 morningstar of Zietwak {spect, rElec Int+4 Dex-4}
rCold    . . .     Faith    .   (no shield)
rNeg     . . .     Spirit   .   d - +0 scale mail
rPois    .         Reflect  .   (helmet restricted)
rElec    +         Harm     .   (no cloak)
rCorr    .         Rampage  .   (no gloves)
Will     .....                  (no boots)
Stlth    ..........             (no amulet)
HPRegen  0.22/turn              (no ring)
MPRegen  0.10/turn              (no ring)

@: lethally poisoned (-1 -> -5), on berserk cooldown, slowed, very slow
A: horns 2, retaliatory headbutt, clumsy 1, noise suppression
a: Renounce Religion, Berserk, Trog's Hand, Brothers in Arms


You were on level 8 of the Dungeon.
You worshipped Trog.
Trog was greatly pleased with you.
You visited 1 branch of the dungeon, and saw 6 of its levels.
You also visited: Sewer.

You collected 153 gold pieces.

Inventory:

Hand Weapons
 a - a +0 mace
 e - a +2 whip of venom
 n - the +8 morningstar of Zietwak (weapon) {spect, rElec Int+4 Dex-4}
   (You acquired it on level 8 of the Dungeon)

   When its wielder attacks, the weapon's spirit leaps out and strikes again.
   The spirit shares a part of any damage it takes with its wielder.
   Int:       It affects your intelligence (+4).
   Dex:       It affects your dexterity (-4).
   rElec:     It insulates you from electricity.
Missiles
 b - 46 poisoned darts (quivered)
 p - 6 atropa-tipped darts
Armour
 d - a +0 scale mail (worn)
Jewellery
 i - a +4 ring of protection
Wands
 t - a wand of acid (9)
 v - a wand of flame (19)
Scrolls
 c - 3 scrolls of identify
 f - a scroll of blinking
 m - a scroll of noise
 s - a scroll of immolation {unknown}
 u - a scroll of teleportation
Potions
 g - 2 potions of berserk rage {unknown}
 h - 2 potions of cancellation {unknown}
 j - a potion of lignification {unknown}
 k - 2 potions of invisibility {unknown}
 l - 2 potions of curing {unknown}
 o - 3 potions of mutation
 q - a potion of haste {unknown}
 r - a potion of resistance {unknown}


   Skills:
 + Level 7.6 Fighting
 + Level 7.6 Maces & Flails
 + Level 7.1 Armour
 + Level 6.5 Dodging


You had 7 spell levels left.
You didn't know any spells.
Your spell library was empty.

Dungeon Overview and Level Annotations

Branches:
Dungeon (5/15)             Temple (0/1) D:4           Sewer (visited)

Altars:
Cheibriados
Sif Muna

Shops:
D:3 :


Innate Abilities, Weirdness & Mutations

You have a pair of horns on your head.
You reflexively headbutt those who attack you in melee.
You are clumsy. (Dex -2)
You passively dampen the noise of your surroundings.


Message History

Your +8 morningstar of Zietwak {spect, rElec Int+4 Dex-4} hits the gnoll sergeant!!
You kill the gnoll sergeant!
Trog accepts your kill.
You feel sick. The steam dragon bites you.
* * * LOW HITPOINT WARNING * * *
The steam dragon claws you.
* * * LOW HITPOINT WARNING * * *
The orc closely misses you. You furiously retaliate!
You headbutt the orc!
You kill the orc!
Trog accepts your kill.
You impale the steam dragon!! Your headbutt misses the steam dragon.
The steam dragon is almost dead.
Your +8 morningstar of Zietwak {spect, rElec Int+4 Dex-4} hits the steam dragon!
You kill the steam dragon!
Trog accepts your kill.
The steam dragon scales are intact enough to wear.
* * * LOW HITPOINT WARNING * * *
You feel sick.
Your Armour skill increases to level 7!
You bludgeon the orc!!
You kill the orc!
Trog accepts your kill.
* * * LOW HITPOINT WARNING * * *
You feel sick.
Unknown command.
* * * LOW HITPOINT WARNING * * *
You feel sick.
You feel a strong urge to attack something.
You are no longer berserk.
You are exhausted.
You feel yourself slow down.
* * * LOW HITPOINT WARNING * * *
You feel sick.
* * * LOW HITPOINT WARNING * * *
You feel sick.
The vampire mosquito buzzes angrily.
It was a potion of mutation.
You feel extremely strange.
You feel clumsy.
You feel your surroundings grow quieter.
You die...

..#.. ...# . #...# ...#
...#...#...# #
#...#y..#..##.#.
......[)........
......)))....... . ...
...###.#.####.# .#..#
#.#..# #.# ....#
###.##@###.#
#...####.#..........###
...... ................
+#...# #+###.#)####.###
.....# .....#.## #.#
#.# ..)..#
.....#..###.# #.#
..#>.# .............#
#.# ..#..#
#+###.##.###.# #.#
..#..## #.#..###.###.#


You could see a vampire mosquito.

Vanquished Creatures
  Grinder (Sewer)
  A wyvern (D:8)
  A steam dragon (D:8)
  An orc warrior (D:8)
  4 ogres (D:4)
  A centaur (D:8)
  2 kobold brigands (Sewer)
  A phantom (Sewer)
  A gnoll sergeant (D:8)
  A wight (D:4)
  A centaur zombie (D:8)
  A hound (D:4)
  A bullfrog skeleton (D:5)
  4 iguanas (D:4)
  A hound zombie (D:5)
  A gnoll (D:4)
  4 adders
  A shadow imp (Sewer)
  A white imp (D:8)
  6 ufetubi (Sewer)
  4 worms
  2 dart slugs
  9 orcs
  11 endoplasms
  9 giant cockroaches
  9 goblins
  7 hobgoblins
  9 jackals
  6 quokkas
  16 ball pythons
  6 bats
  3 frilled lizards
  25 kobolds
  A kobold zombie (Sewer)
  9 rats
161 creatures vanquished.

Vanquished Creatures (others)
  26 plants
26 creatures vanquished.

Grand Total: 187 creatures vanquished

Notes
Turn   | Place    | Note
-------+----------+-------------------------------------------
     0 | D:1      | LLlMATKO the Minotaur Berserker began the quest for the
                  | Orb.
     0 | D:1      | Reached XP level 1. HP: 19/19 MP: 0/0
   100 | D:1      | Reached XP level 2. HP: 22/27 MP: 1/1
   316 | D:1      | Reached ** piety under Trog
   528 | D:1      | Reached XP level 3. HP: 28/33 MP: 2/2
  1332 | D:2      | Reached XP level 4. HP: 40/40 MP: 3/3
  2027 | D:3      | Reached *** piety under Trog
  2162 | D:3      | Found a glowing drain.
  2184 | Sewer    | Entered a sewer
  2236 | Sewer    | Reached XP level 5. HP: 46/47 MP: 4/4
  2647 | Sewer    | Found an ancient bone altar of Kikubaaqudgha.
  2659 | Sewer    | Reached skill level 5 in Fighting
  2659 | Sewer    | Reached skill level 5 in Maces & Flails
  2722 | Sewer    | Noticed Grinder
  2731 | Sewer    | Killed Grinder
  2732 | Sewer    | Reached XP level 6. HP: 56/56 MP: 5/5
  2825 | Sewer    | Reached skill level 5 in Armour
  2825 | Sewer    | Reached XP level 7. HP: 40/61 MP: 6/6
  2961 | Sewer    | Reached **** piety under Trog
  3222 | D:3      | Found Naotehue's Book Emporium.
  3284 | D:3      | Found a faded altar of an unknown god.
  3743 | D:4      | Reached skill level 5 in Dodging
  4294 | D:4      | Found a snail-covered altar of Cheibriados.
  4615 | D:4      | Found a staircase to the Ecumenical Temple.
  4740 | D:4      | Reached XP level 8. HP: 71/71 MP: 7/7
  5266 | D:5      | Entered Level 5 of the Dungeon
  5266 | D:5      | Found a shimmering blue altar of Sif Muna.
  5329 | D:5      | You fall into a shaft and drop 3 floors!
  5333 | D:8      | Identified a scroll of acquirement
  5333 | D:8      | Acquired the +8 morningstar of Zietwak {spect, rElec Int+4
                  | Dex-4}
  5506 | D:8      | HP: 5/111 [poisoned by a gnoll sergeant]
  5507 | D:8      | HP: 2/74 [poisoned by a gnoll sergeant]
  5509 | D:8      | Gained mutation: You are clumsy. (Dex -2) [potion of
                  | mutation]
  5509 | D:8      | Gained mutation: You passively dampen the noise of your
                  | surroundings. [potion of mutation]
  5509 | D:8      | Succumbed to a gnoll sergeant's poison

Illustrated notes

Levels and vault maps discovered:
D:1:      eino_arrival_tree_alley, layout_basic, minmay_shallow_snake_nest
D:2:      layout_rooms, minmay_puff
D:3:      wad_woods_pond, layout_rooms, shapermc_ecumenical_altar_totnotflames,
          serial_shops, shop, portal_sewer_entry_f, palyth_stone_intersect
D:4:      layout_loops_ring, mainiacjoe_overflow_24_doors,
          minmay_temple_entry_slanted, minmay_misc_feat_roman, nzn_random_ring
D:5:      layout_loops_cross, mainiacjoe_overflow_large_starburst,
          nicolae_sif_muna_condensation, minmay_misc_feat_nine_boxes
D:8:      cheibrodos_fzero, layout_basic, erik_lair_orcish_takeover,
          enter_bailey_2, minmay_shop_damaged, hangedman_abyss_or_decor_stabs,
          st_stairs_11

Skill      XL: |  1  2  3  4  5  6  7  8 |
---------------+-------------------------+-----
Fighting       | 4 5 6 7 |  7.6
Maces & Flails | 4 5 6 7 |  7.6
Armour         | 3 4 5 6 7 |  7.1
Dodging        | 3 4 5 6 |  6.5

Action                   |  1- 3 |  4- 6 |  7- 9 || total
-------------------------+-------+-------+-------++-------
Melee: Mace              |    68 |    98 |       ||   166
       Headbutt          |    11 |    21 |    26 ||    58
       Whip              |       |    42 |   104 ||   146
       Morningstar       |       |       |    17 ||    17
Throw: Dart              |       |       |     5 ||     5
Invok: Berserk           |       |     3 |     2 ||     5
  Use: Scroll            |       |     3 |     5 ||     8
       Potion            |       |       |     1 ||     1
Armor: Animal skin       |     1 |       |       ||     1
       Scale mail        |    22 |    67 |    27 ||   116
Dodge: Dodged            |    43 |   100 |    55 ||   198
